 Dungeon Crawl Stone Soup version 0.25.1-1-g288607f5aa (webtiles) character file.

Game seed: 16525078369282737181

25853 Acheron the Grappler (level 12, -17/111 HPs)
             Began as a Troll Hunter on July 22, 2020.
             Was a High Priest of Okawaru.
             Demolished by an elephant (43 damage)
             ... on level 6 of the Lair of Beasts.
             The game lasted 01:20:58 (15365 turns).

Acheron the Grappler (Troll Hunter)                Turns: 15365, Time: 01:20:58

Health: -17/111    AC: 17    Str: 23    XL:     12   Next: 93%
Magic:  15/16      EV: 17    Int:  7    God:    Okawaru [*****.]
Gold:   744        SH:  0    Dex: 14    Spells: 14/17 levels left

rFire    . . .     SeeInvis .     - Unarmed
rCold    . . .     Gourm    +   (no shield)
rNeg     . . .     Faith    .   N - +0 steam dragon scales
rPois    .         Spirit   .   (helmet restricted)
rElec    .         Reflect  .   B - +2 cloak
rCorr    +         Harm     .   (gloves unavailable)
MR       .....                  (boots unavailable)
Stlth    ++++......             (no amulet)
HPRegen  0.68/turn              s - +4 ring of protection
MPRegen  0.15/turn              X - ring of resist corrosion

@: sleeping, heroism
A: large, unfitting armour, claws 3, fast metabolism 3, gourmand, regeneration
1, shaggy fur 1, tough skin 3
a: Heroism, Finesse, Renounce Religion


You were on level 6 of the Lair of Beasts.
You worshipped Okawaru.
Okawaru was extremely pleased with you.
You were very full.

You visited 3 branches of the dungeon, and saw 19 of its levels.
You also visited: Sewer and Volcano.

You collected 1126 gold pieces.
You spent 382 gold pieces at shops.

Inventory:

Hand Weapons
 k - a +4 great mace of flaming
 u - a +2 arbalest of flaming
 w - a +4 flail of freezing
 S - a +4 scimitar of flaming
 U - the cursed +1 trident "Mejiocs" {vorpal, rF+ MR+}
   (You found it on level 2 of the Lair of Beasts)

   It inflicts extra damage upon your enemies.
   It protects you from fire.
   It affects your resistance to hostile enchantments.
   It has a curse placed upon it.
 Y - a +1 vorpal fustibalus
Missiles
 a - 2 silver javelins
 c - 17 large rocks
 d - 4 throwing nets
 m - 8 javelins
 y - 15 boomerangs (quivered)
 D - 64 sling bullets
 T - 57 poisoned darts
Armour
 B - a +2 cloak (worn)
 C - a +0 kite shield
 N - +0 steam dragon scales (worn)
 V - a scarf of repulsion
Jewellery
 p - a +6 ring of intelligence
 q - a +4 ring of evasion
 s - a +4 ring of protection (left claw)
 F - an uncursed ring of wizardry {unknown}
 X - a ring of resist corrosion (right claw)
Wands
 K - a wand of flame (42)
 L - a wand of polymorph (8)
 M - a wand of disintegration (10)
 P - a wand of digging (6)
 Q - a wand of clouds (5)
Scrolls
 j - 2 scrolls of amnesia
 l - 9 scrolls of teleportation
 v - 3 scrolls of blinking
 G - 3 scrolls of remove curse
 H - a scroll of fog
 I - 4 scrolls of enchant armour
 O - a scroll of silence
 R - 6 scrolls of identify
 Z - a scroll of fear
Potions
 b - a potion of resistance
 e - 2 potions of flight
 g - a potion of heal wounds
 h - 3 potions of stabbing
 n - 7 potions of curing
 o - 4 potions of lignification
 r - a potion of ambrosia
 t - 2 potions of cancellation
 x - a potion of invisibility
 z - 3 potions of brilliance
 A - 8 potions of berserk rage
 E - 2 potions of mutation
Miscellaneous
 J - a tin of tremorstones (3/3)
Comestibles
 f - 23 rations
 i - 24 chunks of flesh


   Skills:
 * Level 5.3(10.3) Fighting
 * Level 7.4(12.4) Throwing
 * Level 7.1(12.1) Dodging
 + Level 3.4(8.4) Stealth
 * Level 5.1(10.1) Shields
 + Level 12.7(17.7) Unarmed Combat
 * Level 3.4 Spellcasting
 - Level 2.0 Ice Magic
 * Level 4.6 Invocations
 * Level 3.8 Evocations


You had 14 spell levels left.
You knew the following spells:

 Your Spells              Type           Power        Failure   Level  Hunger
a - Ensorcelled Hibernat  Hex/Ice        #.....       32%         2    ###....
b - Corona                Hex            #......      32%         1    ##.....

Your spell library contained the following spells:

 Spells                   Type           Power        Failure   Level  Hunger
 Freeze                   Ice            #...         14%         1    ##.....
 Frozen Ramparts          Ice            #.....       38%         3    ####...
 Ozocubu's Armour         Chrm/Ice       #.......     54%         3    ####...
 Confusing Touch          Hex            #.......     69%         3    ####...
 Dazzling Flash           Conj/Hex       #.....       69%         3    ####...
 Gell's Gravitas          Tloc           #.........   69%         3    ####...
 Tukima's Dance           Hex            #.......     69%         3    ####...
 Hailstorm                Conj/Ice       #.......     91%         4    #####..
 Summon Ice Beast         Ice/Summ       #.......     91%         4    #####..
 Petrify                  Tmut/Erth      #.......     97%         4    #####..
 Metabolic Englaciation   Hex/Ice        #.........   99%         5    ######.
 Borgnjor's Vile Clutch   Necr/Erth      #.........   100%        5    ######.
 Silence                  Hex/Air        #.........   100%        5    ######.
 Yara's Violent Unravell  Hex/Tmut       #.........   100%        5    ######.
 Darkness                 Hex            #.........   100%        6    #######
 Shadow Creatures         Summ           N/A          100%        6    #######


Dungeon Overview and Level Annotations

Branches:
Dungeon (12/15)            Temple (0/1) D:6            Lair (6/6) D:11
  Snake (0/4) Lair:3          Orc (1/2) D:11          Sewer (visited)
Volcano (visited)
  Swamp: Lair:2-4    Shoals: Lair:2-4     Slime: Lair:5-6

Altars:
Ashenzari
Elyvilon
Fedhas
Kikubaaqudgha
Nemelex Xobeh
Okawaru
Qazlal
Trog
Uskayaw
Vehumet
Wu Jian
Xom
Zin
Beogh

Shops:
D:4 !   D:7 ?

Annotations:
Lair:1 exclusion: downstairs
Lair:6 exclusion: orange crystal statue


Innate Abilities, Weirdness & Mutations

You are too large for most types of armour.
You have claws for hands.
Your metabolism is lightning-fast.
You like to eat raw meat.
Your natural rate of healing is unusually fast.
You are covered in fur. (AC +1)
You have extremely tough skin. (AC +3)


Message History

* * * LOW HITPOINT WARNING * * *
You hold your ground!
The elephant trunk-slaps you but does no damage.
You feel much better.
The dream sheep bites you but does no damage. x2
The elephant barely misses you. The elephant trunk-slaps you.
* * * LOW HITPOINT WARNING * * *
You completely miss the dream sheep.
The dream sheep completely misses you. x2
Unknown command.
You closely miss the dream sheep. The elephant tramples you.
* * * LOW HITPOINT WARNING * * *
You hold your ground!
The elephant completely misses you. The dream sheep completely misses you.
The hippogriff bites you but does no damage.
The hippogriff pecks you but does no damage.
The hippogriff misses you.
The dream sheep shake their wool and sparkle.
You feel drowsy...
You fall asleep.
The elephant tramples you!!!
You die...

**,,,,,..(..................#P...
*,,,,,,....................##....
*,,,,,,......#...................
*,,,,,,.........†...............t
*,,,,,,.........<..........P###..
*,*,,,,........Y............##...
**,,,,,........HH..##......#..PP.
,,,,,,,.......SY#.#.##..#...P....
*,,,,,,........Y@#####...........
,****,,........#..# ###.##...PP.
***,,,,###.#..##.## #......##..
**,,,** ###.#*### ####.PP###.
*,,**,* ##* #..P# ## *******
##### #


You could see an elephant, a hippogriff, a black mamba and 2 dream sheep.

Vanquished Creatures
  A sphinx (D:11)
  A stone giant (Volcano)
  Harold (D:11)
  Erica (D:11)
  A two-headed ogre (D:9)
  An unseen horror (D:11)
  An obsidian statue (Volcano)
  Pikel (D:8)
  An orc sorcerer (Orc:1)
  5 elephants (Lair:6)
  Joseph (D:7)
  3 black mambas
  3 spiny frogs
  Maggie (D:6)
  A gargoyle (Volcano)
  2 komodo dragons
  An efreet (Volcano)
  2 trolls (D:9)
  10 blink frogs
  4 dream sheep (Lair:6)
  8 hippogriffs
  13 yaks
  A wyvern (D:11)
  A shadow (D:11)
  A fire bat (Volcano)
  A fire elemental (Volcano)
  3 wargs
  A hungry ghost (D:11)
  Menkaure (D:7)
  An acid dragon (D:10)
  3 water moccasins
  6 porcupines
  2 phantoms
  10 orc warriors
  2 sky beasts
  6 ogres
  A necrophage (D:11)
  2 slaves (D:8)
  3 centaurs
  2 crocodiles (Lair:6)
  3 big kobolds
  Blork the orc (D:6)
  12 bullfrogs
  A wyvern skeleton (D:11)
  A water moccasin skeleton (D:7)
  4 wights (D:8)
  5 killer bees
  10 howler monkeys
  6 crimson imps
  4 jellies
  8 orc priests
  14 orc wizards
  3 bullfrog skeletons
  4 hounds
  2 iguanas
  6 worker ants
  2 hound skeletons
  4 gnolls (D:5)
  13 adders
  A shadow imp (D:11)
  8 oozes
  An adder zombie (D:10)
  An adder skeleton (D:5)
  3 dart slugs
  9 worms
  A leopard gecko (Sewer)
  44 orcs
  3 bats
  7 giant cockroaches
  7 goblins
  3 hobgoblins
  4 jackals (Sewer)
  19 kobolds
  4 quokkas
  4 frilled lizards
  2 jackal skeletons
  A quokka zombie (D:5)
  2 rats
  A bush (Lair:1)
  23 plants (Lair:1)
361 creatures vanquished.

Vanquished Creatures (collateral kills)
  A water moccasin (Lair:3)
1 creature vanquished.

Vanquished Creatures (others)
  2 slaves (D:8)
  An orc (Orc:1)
  A frilled lizard (D:3)
  9 fungi (Lair:6)
  7 plants (Lair:6)
20 creatures vanquished.

Grand Total: 382 creatures vanquished

Notes
Turn   | Place    | Note
-------+----------+-------------------------------------------
     0 | D:1      | Acheron the Troll Hunter began the quest for the Orb.
     0 | D:1      | Reached XP level 1. HP: 19/19 MP: 0/0
   201 | D:1      | Reached XP level 2. HP: 27/27 MP: 1/1
  1109 | D:2      | Reached skill level 1 in Unarmed Combat
  1125 | D:2      | Reached XP level 3. HP: 33/35 MP: 2/2
  1274 | D:2      | Reached XP level 4. HP: 42/42 MP: 3/3
  1497 | D:2      | Reached skill level 2 in Unarmed Combat
  1584 | D:2      | Found a stormy altar of Qazlal.
  1820 | D:3      | Reached skill level 1 in Stealth
  1834 | D:3      | Found a glowing drain.
  1855 | Sewer    | Entered a sewer
  1884 | Sewer    | Reached XP level 5. HP: 49/49 MP: 4/4
  2600 | D:3      | Found a white marble altar of Elyvilon.
  2775 | D:3      | Reached skill level 3 in Unarmed Combat
  2952 | D:3      | You fall into a shaft and drop 3 floors!
  2952 | D:6      | Noticed an ogre
  2959 | D:5      | Entered Level 5 of the Dungeon
  3057 | D:4      | Found Celuodie's Distillery.
  3057 | D:4      | Found a hide-covered altar of Uskayaw.
  3063 | D:4      | Bought a potion of berserk rage for 70 gold pieces
  3072 | D:4      | You fall into a shaft and drop 3 floors!
  3130 | D:6      | Reached XP level 6. HP: 55/57 MP: 5/5
  3148 | D:6      | Noticed Maggie
  3167 | D:6      | Noticed a sky beast
  3179 | D:6      | Killed a sky beast
  3264 | D:6      | Reached skill level 4 in Unarmed Combat
  3461 | D:3      | Found an iron altar of Okawaru.
  3461 | D:3      | Found a bloodstained altar of Trog.
  3469 | D:3      | Became a worshipper of Warmaster Okawaru
  3628 | D:5      | Reached skill level 1 in Shields
  3628 | D:5      | Reached XP level 7. HP: 25/66 MP: 6/6
  3829 | D:5      | Reached skill level 5 in Unarmed Combat
  4575 | D:6      | Reached * piety under Okawaru
  4575 | D:6      | Reached skill level 5 in Throwing
  4588 | D:6      | Noticed Blork the orc
  4599 | D:6      | Killed Blork the orc
  4599 | D:6      | Reached skill level 6 in Unarmed Combat
  4601 | D:6      | Reached XP level 8. HP: 64/74 MP: 4/7
  4606 | D:7      | Found Veklic's Magic Scroll Boutique.
  4610 | D:7      | Bought a scroll of teleportation for 36 gold pieces
  4610 | D:7      | Bought a scroll of fog for 24 gold pieces
  4610 | D:7      | Bought a scroll of identify for 24 gold pieces
  4610 | D:7      | Bought a scroll of identify for 24 gold pieces
  4610 | D:7      | Bought a scroll of identify for 24 gold pieces
  4610 | D:7      | Bought a scroll of enchant armour for 90 gold pieces
  4612 | D:7      | Noticed Joseph
  4734 | D:6      | Killed Maggie
  4782 | D:6      | Reached skill level 7 in Unarmed Combat
  5032 | D:6      | Reached ** piety under Okawaru
  5070 | D:6      | Found a staircase to the Ecumenical Temple.
  5367 | D:6      | Found a shattered altar of Ashenzari.
  5376 | D:6      | Found a radiant altar of Vehumet.
  5614 | D:8      | Noticed a hippogriff
  5621 | D:7      | Killed a hippogriff
  5621 | D:7      | Reached skill level 1 in Invocations
  5621 | D:7      | Reached XP level 9. HP: 76/83 MP: 8/8
  5725 | D:8      | Found an ornate altar of the Wu Jian Council.
  5725 | D:8      | Found a blossoming altar of Fedhas.
  5805 | D:8      | Reached skill level 8 in Unarmed Combat
  5826 | D:8      | Reached skill level 1 in Evocations
  5926 | D:8      | Reached *** piety under Okawaru
  5926 | D:8      | Reached skill level 1 in Spellcasting
  6109 | D:9      | Noticed a troll
  6127 | D:9      | Killed a troll
  6281 | D:10     | Entered Level 10 of the Dungeon
  6302 | D:9      | Found a sparkling altar of Nemelex Xobeh.
  6464 | D:8      | Reached skill level 9 in Unarmed Combat
  6741 | D:9      | Noticed a two-headed ogre
  6745 | D:9      | Killed a two-headed ogre
  6745 | D:9      | Reached **** piety under Okawaru
  6745 | D:9      | Reached XP level 10. HP: 45/92 MP: 8/11
  7220 | D:8      | Noticed Pikel
  7234 | D:8      | Killed Pikel
  7445 | D:7      | Killed Joseph
  7445 | D:7      | Reached skill level 10 in Unarmed Combat
  7520 | D:7      | Found an ancient bone altar of Kikubaaqudgha.
  7599 | D:7      | Received a gift from Okawaru
  7599 | D:7      | Reached skill level 5 in Dodging
  7705 | D:7      | Noticed Menkaure
  7707 | D:7      | Killed Menkaure
  8025 | D:7      | Learned a level 2 spell: Ensorcelled Hibernation
  8188 | D:7      | Bought a scroll of silence for 90 gold pieces
  8415 | D:8      | Found a shimmering altar of Xom.
  8965 | D:11     | Noticed Harold
  8975 | D:11     | Killed Harold
  9096 | D:11     | Noticed Erica
  9161 | D:10     | Reached XP level 11. HP: 81/100 MP: 10/13
  9621 | D:10     | Reached ***** piety under Okawaru
  9931 | D:11     | Found a staircase to the Orcish Mines.
 10306 | D:11     | Killed Erica
 10316 | D:11     | Found a roughly hewn altar of Beogh.
 10336 | Orc:1    | Entered Level 1 of the Orcish Mines
 10336 | Orc:1    | Noticed an orc sorcerer
 10346 | Orc:1    | Killed an orc sorcerer
 10346 | Orc:1    | Reached skill level 1 in Ice Magic
 10703 | D:11     | Reached skill level 11 in Unarmed Combat
 10803 | D:11     | Received a gift from Okawaru
 10882 | D:11     | Found a staircase to the Lair.
 10883 | D:11     | Noticed a sphinx
 10885 | D:11     | Paralysed by a sphinx for 5 turns
 10895 | D:11     | Killed a sphinx
 10895 | D:11     | Received a gift from Okawaru
 10960 | D:11     | Killed an unseen horror
 11551 | Lair:1   | Entered Level 1 of the Lair of Beasts
 12144 | Lair:1   | Received a gift from Okawaru
 12540 | Lair:1   | Reached XP level 12. HP: 110/110 MP: 14/14
 12869 | Lair:2   | Got a warped trident
 12993 | Lair:2   | Identified the cursed +1 trident "Mejiocs" {vorpal, rF+
                  | MR+} (You found it on level 2 of the Lair of Beasts)
 13036 | Lair:2   | Received a gift from Okawaru
 13063 | Lair:2   | Reached skill level 12 in Unarmed Combat
 13399 | Lair:3   | Found a staircase to the Snake Pit.
 13448 | Lair:3   | Found a dark tunnel.
 13469 | Lair:3   | Learned a level 1 spell: Corona
 13517 | Volcano  | Entered a volcano
 13732 | Volcano  | Reached skill level 5 in Fighting
 13733 | Volcano  | Found a radiant altar of Vehumet.
 13733 | Volcano  | Noticed a stone giant
 13740 | Volcano  | HP: 1/111 [stone giant (34)]
 13746 | Volcano  | Killed a stone giant
 14186 | Lair:3   | Received a gift from Okawaru
 14225 | Lair:3   | Found a glowing silver altar of Zin.
 14776 | Lair:6   | Entered Level 6 of the Lair of Beasts
 15099 | Lair:6   | Noticed a six-headed hydra
 15212 | Lair:6   | Reached skill level 5 in Shields
 15365 | Lair:6   | Demolished by an elephant

Illustrated notes

Levels and vault maps discovered:
D:1:      matt_arrival_debris, layout_loops_corners
D:2:      layout_basic, lemuel_doored_altar, serial_curves, eino_curves_04,
          eino_curves_02, eino_curves_02, eino_curves_03,
          chequers_serial_rivers_small_b, minmay_box_of_dots
D:3:      layout_loops_ring, gammafunk_temple_overflow_pools, elyvilon_altar_4,
          cheibrodos_sewer_entry_bend
D:4:      layout_loops_ring, overflow_temple_1_default, serial_shops, shop
D:5:      layout_loops_corners, first_ration
D:6:      layout_loops_ring, amethyst_overflow_temple_binary,
          minmay_temple_entry_mist, uniq_maggie, uniq_blork_the_orc
D:7:      layout_gridville, kiku_gazebo_pond_becter, serial_shops, shop,
          roderic_roman_lattice, uniq_joseph, uniq_menkaure
D:8:      layout_loops_ring, chequers_temple_overflow_statue_of_worship,
          uniq_pikel
D:9:      layout_irregular_city, lemuel_crystal_altar, serial_column_ruins,
          column_ruins_open_tiny, column_ruins_columns_dead_end,
          column_ruins_grid_3, grunt_pizzeria
D:10:     layout_long_grid
D:11:     layout_basic, erik_lair_orcish_takeover,
          minmay_orc_entry_temple_small, kennysheep_just_a_vault, uniq_harold,
          uniq_erica
D:12:     layout_basic, gammafunk_ghost_grave, uniq_nessos, uniq_fannar
Lair:1:   wad_woods_structure_01, layout_big_grid,
          nicolae_quartered_pool_little, serial_bayou_lake_a
Lair:2:   layout_roguey, special_room [special_room_bee]
Lair:3:   layout_loops_ring, dummy_snake_entry, nicolae_volcano_entry_hallway,
          special_room, basic_altar
Lair:4:   layout_gridlike, minmay_swamp_entry_eels, columned_hall_lemuel
Lair:5:   layout_long_grid, dpeg_slime_entry_enclosed_altar, kennysheep_rathole
Lair:6:   evilmike_catoblepas_cave, layout_layer_cave, st_stairs_6,
          disabler_island
Orc:1:    layout_caves, ebering_ghost_xom, special_room [special_room_orc]

Skill      XL: |  1  2  3  4  5  6  7  8  9 10 11 12 |
---------------+-------------------------------------+-----
Throwing       | 4 5 6 7 |  7.4
Unarmed Combat | 1 2 3 4 6 7 9 10 11 12 | 12.7
Dodging        | 2 3 4 5 6 7 |  7.1
Stealth        | 1 2 3 |  3.4
Fighting       | 2 3 4 5 |  5.3
Shields        | 1 2 3 4 5 |  5.1
Invocations    | 1 2 3 4 |  4.6
Evocations     | 1 2 3 |  3.8
Spellcasting   | 1 2 3 |  3.4
Ice Magic      | 1 2 |  2.0

Action                   |  1- 3 |  4- 6 |  7- 9 | 10-12 || total
-------------------------+-------+-------+-------+-------++-------
Melee: Unarmed           |    67 |   171 |   313 |   818 ||  1369
       Punch             |       |     1 |    11 |    55 ||    67
Throw: Javelin           |       |     1 |    13 |    22 ||    36
       Large rock        |       |       |     1 |     2 ||     3
       Boomerang         |       |       |       |     3 ||     3
Invok: Heroism           |       |       |     3 |    19 ||    22
Evoke: Wand              |       |       |     2 |     2 ||     4
  Use: Scroll            |     5 |     9 |     8 |    13 ||    35
       Potion            |       |     1 |       |     9 ||    10
 Stab: Sleeping          |     2 |     1 |     2 |     3 ||     8
       Distracted        |       |       |       |     1 ||     1
  Eat: Chunk             |    10 |    30 |    29 |    64 ||   133
       Ration            |       |       |       |     4 ||     4
Armor: Robe              |    28 |    73 |    83 |   144 ||   328
       Skin              |       |       |       |    25 ||    25
       Steam dragon scal |       |       |       |   101 ||   101
Dodge: Dodged            |    37 |    81 |   182 |   550 ||   850
